 Dungeon Crawl Stone Soup version 0.30-a0-591-g3c58d2bc28 (webtiles) character file.

Game seed: 652722857343254667

8783 Darkkill the Fighter (level 11, -1/101 HPs)
             Began as a Minotaur Hunter on Jan 5, 2023.
             Was an Initiate of Gozag.
             Slain by a troll (11 damage)
             ... on level 12 of the Dungeon.
             The game lasted 00:11:52 (10435 turns).

Darkkill the Fighter (Minotaur Hunter)             Turns: 10435, Time: 00:11:53

Health: -1/101     AC:  6    Str: 15    XL:     11   Next: 14%
Magic:  10/10      EV: 18    Int:  6    God:    Gozag
Gold:   318        SH:  0    Dex: 19    Spells: 10/10 levels left

rFire   . . .      SeeInvis +    b - +2 long sword "Naqastir" {heavy, Fly}
rCold   . . .      Faith    .    (no shield)
rNeg    . . .      Spirit   .    c - +1 leather armour
rPois   .          Reflect  .    (helmet restricted)
rElec   .          Harm     .    B - +0 cloak
rCorr   .          Rampage  .    (no gloves)
Will    .....                    y - +0 pair of boots
Stlth   ++++                     (no amulet)
HPRegen 0.36/turn                A - ring of see invisible
MPRegen 0.12/turn                (no ring)

@: gold aura, flying, slowed, very slow
A: horns 2, retaliatory headbutt
a: Renounce Religion, Potion Petition, Call Merchant, Bribe Branch


You were on level 12 of the Dungeon.
You worshipped Gozag.
Gozag was aware of your devotion.
You visited 2 branches of the dungeon, and saw 12 of its levels.
You also visited: Ossuary.

You collected 1120 gold pieces.
You spent 240 gold pieces at shops.
You paid 562 gold pieces to Gozag.

Inventory:

Hand Weapons
 a - a +3 shortbow of chaos
 b - the +2 long sword "Naqastir" (weapon) {heavy, Fly}
   (You found it on level 5 of the Dungeon)

   Fly:       It grants you flight.
Missiles
 g - 14 boomerangs
 i - 88 stones
 p - 8 poisoned darts
 u - 4 javelins
Armour
 c - a +1 leather armour (worn)
 y - a +0 pair of boots (worn)
 B - a +0 cloak (worn)
Jewellery
 A - a ring of see invisible (left hand)
 G - the ring of the Damp God {Contam rPois Dex+4 SInv}
   (You found it on level 9 of the Dungeon)

   [ring of see invisible]

   Dex:       It affects your dexterity (+4).
   rPois:     It protects you from poison.
   SInv:      It lets you see invisible.
   Contam:    It causes magical contamination when unequipped.
Wands
 x - a wand of iceblast (15)
 F - a wand of charming (12)
 I - a wand of digging (7)
Scrolls
 f - 2 scrolls of immolation
 l - a scroll of amnesia
 t - a scroll of fog
Potions
 d - 2 potions of cancellation
 e - a potion of ambrosia {unknown}
 h - a potion of might
 j - 2 potions of resistance
 k - 7 potions of curing {@q1}
 n - 5 potions of berserk rage
 o - a potion of mutation
 q - 4 potions of flight
 r - 2 potions of lignification
 s - 6 potions of degeneration
 w - 3 potions of attraction
 z - a potion of invisibility {unknown}
 E - a potion of brilliance
 H - a potion of haste


   Skills:
 + Level 10.7 Fighting
 + Level 10.6 Ranged Weapons
 + Level 9.8 Dodging
 + Level 8.0 Stealth


You had 10 spell levels left.
You didn't know any spells.
Your spell library contained the following spells:

 Spells                   Type           Power      Damage    Failure   Level
 Magic Dart               Conj           0%         1d3       52%         1
 Call Imp                 Summ           0%         N/A       67%         2
 Ensorcelled Hibernation  Hex/Ice        0%         N/A       67%         2
 Passwall                 Tmut/Erth      0%         N/A       67%         2
 Frozen Ramparts          Ice            0%         1d1       88%         3
 Mephitic Cloud           Conj/Pois/Air  0%         N/A       88%         3
 Swiftness                Air            0%         N/A       88%         3
 Vhi's Electric Charge    Tloc/Air       0%         N/A       88%         3
 Ice Form                 Ice/Tmut       0%         N/A       99%         4
 Summon Ice Beast         Ice/Summ       0%         N/A       99%         4
 Arcjolt                  Conj/Air       0%         1d10      100%        5
 Maxwell's Capacitive Co  Air            0%         ∞         100%        8


Dungeon Overview and Level Annotations

Branches:
Dungeon (10/15)            Temple (1/1) D:7             Orc (0/2) D:9
Ossuary (visited)
   Lair: D:8-11

Altars:
Ashenzari
Cheibriados
Dithmenos
Elyvilon
Fedhas
Gozag
Hepliaklqana
Kikubaaqudgha
Makhleb
Nemelex Xobeh
Okawaru
Qazlal
Ru
Sif Muna
Trog
Uskayaw
Vehumet
Wu Jian
Xom
Yredelemnul
Zin
The Shining One

Shops:
D:5 :   D:8 *(   D:9 !

Annotations:
D:12 Maurice


Innate Abilities, Weirdness & Mutations

You have a pair of horns on your head.
You reflexively headbutt those who attack you in melee.


Message History

The vampire mosquito bites your manticore!
The orc is distracted by your dazzling golden aura.
The vampire mosquito bites your manticore.
The howler monkey hoots and howls with incredible vigour!
Your manticore barely misses the vampire mosquito.
Your manticore claws the vampire mosquito!
The vampire mosquito is destroyed!
Your Stealth skill increases to level 8!
Items here: $ ))).
Your manticore dissolves into shadows!
You slash the two-headed ogre!
The two-headed ogre is moderately wounded.
The orc wizard casts a spell.
The orc wizard flickers and vanishes for a moment.
The two-headed ogre barely misses you. The two-headed ogre misses you.
You hear a howl!
You slash the two-headed ogre!
The two-headed ogre is heavily wounded.
The ogre is distracted by your dazzling golden aura.
The two-headed ogre hits you with a +0 giant club!!
* * * LOW HITPOINT WARNING * * *
The two-headed ogre misses you.
The orc wizard is distracted by your dazzling golden aura.
The ogre shouts!
The orc wizard shouts!
As you read the scroll of teleportation, it crumbles to dust.
You feel strangely unstable.
The two-headed ogre hits you with a +0 giant club!
* * * LOW HITPOINT WARNING * * *
The two-headed ogre closely misses you.
You feel much better.
The orc wizard is no longer distracted by gold.
The ogre mage hits you from afar with a +0 halberd!
* * * LOW HITPOINT WARNING * * *
The two-headed ogre barely misses you. You furiously retaliate!
You headbutt the two-headed ogre!
The two-headed ogre hits you with a +0 giant club.
* * * LOW HITPOINT WARNING * * *
You feel much better.
Your surroundings suddenly seem different.
A troll and a wraith come into view.
The wraith barely misses you. You furiously retaliate!
You headbutt the wraith. You hit the wraith.
The wraith is moderately damaged.
The wraith completely misses you.
The wraith is distracted by your dazzling golden aura.
You strike the helpless wraith from behind!
You slash the wraith!
The wraith is no longer distracted by gold.
You headbutt the wraith.
The wraith is severely damaged.
The wraith closely misses you. You furiously retaliate!
You headbutt the wraith. The wraith misses you.
The troll shouts!
You barely miss the wraith.
The howler monkey howls!
You headbutt the wraith.
The wraith is almost destroyed.
The wraith closely misses you. The troll bites you!
The troll completely misses you. The troll misses you.
The wraith closely misses you. The troll closely misses you.
The troll barely misses you. The troll claws you.
You closely miss the wraith.
The wraith is almost destroyed.
The wraith closely misses you. The troll misses you. x2
The troll closely misses you. The wraith hits you!
* * * LOW HITPOINT WARNING * * *
The wraith drains your vigour!
You feel yourself slow down. The troll completely misses you.
The troll misses you. The troll completely misses you.
The howler monkey hits you.
* * * LOW HITPOINT WARNING * * *
You feel much better. The wraith barely misses you. The troll bites you!
The troll claws you! The troll completely misses you.
A howler monkey comes into view.
The howler monkey hits you but does no damage.
The wraith closely misses you. The troll barely misses you.
The troll completely misses you. The troll claws you!
* * * LOW HITPOINT WARNING * * *
The howler monkey closely misses you.
The howler monkey howls! x2
You hit the wraith.
The wraith is almost destroyed.
The howler monkey hits you but does no damage.
The wraith barely misses you. You furiously retaliate!
You headbutt the wraith!
You destroy the wraith!
The troll closely misses you. You furiously retaliate!
You headbutt the troll. The troll misses you. The troll barely misses you.
The howler monkey is distracted by your dazzling golden aura.
The howler monkey hoots and howls with incredible vigour!
The troll misses you. You furiously retaliate!
You headbutt the troll! The troll claws you!
* * * LOW HITPOINT WARNING * * *
The troll claws you.
* * * LOW HITPOINT WARNING * * *
The howler monkey hoots and howls with incredible vigour!
The howler monkey hits you.
* * * LOW HITPOINT WARNING * * *
The troll misses you. The troll claws you!
You die...
Your body crumbles into a pile of gold.

#.....#$......#
#.....#.......#
#.....#.......# .. #
##.............# ... $..
.###...........#
...####...###............
................###......
......###T...............
........@$...............
.........h...h...........
#............h...........
$....#...?........?.......
.........................
.......##........###.(...
....... ....### #.....
..#+#.# ###########...T ..
#. #.....##.#.##


You could see a troll and 3 howler monkeys.

Vanquished Creatures
  2 two-headed ogres (D:9)
  2 trolls
  Prince Ribbit (D:7)
  A hornet (D:9)
  Sigmund (D:2)
  3 wyverns (D:7)
  A wraith (D:12)
  5 yaks (D:8)
  A basilisk (shapeshifter) (D:8)
  3 water moccasins
  A swamp drake (D:9)
  A sky beast (D:8)
  An ice beast (D:7)
  A black bear (D:8)
  An orc warrior (D:9)
  3 centaurs
  3 ogres
  A phantom (D:5)
  An elf zombie (Ossuary)
  A necrophage (D:6)
  4 scorpions
  5 bullfrogs
  A gnoll sergeant (D:6)
  9 wights
  11 killer bees
  2 howler monkeys
  8 hounds
  5 human zombies (Ossuary)
  A centaur zombie (Ossuary)
  5 orc priests
  3 iguanas
  10 orc wizards
  Natasha (thrice) (D:3)
  2 mummies (Ossuary)
  11 adders
  8 gnolls
  A shadow imp (D:6)
  An ufetubus (D:5)
  5 worms
  3 dart slugs
  32 orcs
  9 bats
  9 endoplasms
  4 giant cockroaches
  9 goblins
  6 hobgoblins
  11 jackals
  11 kobolds
  9 quokkas
  3 ball pythons
  A frilled lizard (D:2)
  6 hobgoblin zombies (Ossuary)
  2 jackal zombies (Ossuary)
  13 kobold zombies (Ossuary)
  8 orc zombies (Ossuary)
  3 rats
268 creatures vanquished.

Vanquished Creatures (collateral kills)
  A two-headed ogre (D:12)
  2 vampire mosquitoes (D:12)
  An ogre (D:12)
  An orc (D:12)
5 creatures vanquished.

Grand Total: 273 creatures vanquished

Notes
Turn   | Place    | Note
-------+----------+-------------------------------------------
     0 | D:1      | Darkkill the Minotaur Hunter began the quest for the Orb.
     0 | D:1      | Reached XP level 1. HP: 18/18 MP: 0/0
   112 | D:1      | Reached skill level 1 in Stealth
   137 | D:1      | Reached XP level 2. HP: 25/25 MP: 1/1
   252 | D:1      | Found a faded altar of an unknown god.
   618 | D:1      | Reached XP level 3. HP: 31/31 MP: 2/2
   652 | D:2      | HP: 5/31 [dart slug/slug dart (5)]
   883 | D:2      | Noticed Sigmund
   886 | D:2      | Killed Sigmund
   887 | D:2      | Reached skill level 5 in Ranged Weapons
   887 | D:2      | Reached XP level 4. HP: 40/40 MP: 3/3
   887 | D:2      | Reached XP level 5. HP: 46/46 MP: 4/4
  1501 | D:3      | Noticed Natasha
  1508 | D:3      | Killed Natasha
  1509 | D:3      | Reached XP level 6. HP: 48/53 MP: 5/5
  1533 | D:3      | Noticed Natasha
  1543 | D:3      | Killed Natasha
  1716 | D:3      | Noticed Natasha
  1721 | D:3      | Killed Natasha
  2225 | D:4      | HP: 11/55 [something (1)]
  2235 | D:4      | Reached skill level 5 in Fighting
  2546 | D:4      | Reached XP level 7. HP: 61/61 MP: 6/6
  3368 | D:5      | Entered Level 5 of the Dungeon
  3450 | D:5      | Reached skill level 5 in Dodging
  3451 | D:5      | HP: 12/61 [centaur/arrow (5)]
  3451 | D:5      | HP: 5/61 [centaur/arrow (7)]
  3636 | D:5      | Identified the +2 long sword "Naqastir" {heavy, Fly}
  3866 | D:5      | Reached XP level 8. HP: 58/70 MP: 7/7
  3951 | D:5      | Found Vishre's Book Emporium.
  4352 | D:6      | Found a sand-covered staircase.
  4362 | Ossuary  | Entered an ossuary
  4517 | Ossuary  | HP: 11/71 [human zombie (5)]
  4521 | Ossuary  | HP: 2/71 [human zombie (6)]
  4691 | Ossuary  | HP: 14/71 [elf zombie (1)]
  5062 | D:6      | HP: 13/73 [poisoned by a gnoll sergeant]
  5204 | D:6      | Reached skill level 5 in Stealth
  5745 | D:7      | Reached XP level 9. HP: 41/79 MP: 8/8
  6233 | D:7      | Found a staircase to the Ecumenical Temple.
  6292 | Temple   | Entered the Ecumenical Temple
  6489 | Temple   | Became a worshipper of Gozag Ym Sagoz the Greedy
  6764 | D:7      | Noticed Prince Ribbit
  6778 | D:7      | Killed Prince Ribbit
  7566 | D:8      | Found Ufiahi's Weapon Shop.
  7799 | D:8      | Reached XP level 10. HP: 46/87 MP: 9/9
  8485 | D:8      | Found Emicater's General Store.
  9326 | D:9      | Found a hazy altar of Hepliaklqana.
  9365 | D:9      | Reached skill level 10 in Fighting
  9419 | D:9      | Found a staircase to the Orcish Mines.
  9425 | D:9      | Identified the ring of the Damp God {Contam rPois Dex+4
                  | SInv}
  9448 | D:9      | Reached skill level 10 in Ranged Weapons
  9616 | D:9      | Noticed a two-headed ogre
  9626 | D:9      | Killed a two-headed ogre
  9635 | D:9      | Bought a potion of curing for 45 gold pieces
  9635 | D:9      | Bought a potion of curing for 45 gold pieces
  9635 | D:9      | Bought 2 potions of heal wounds for 150 gold pieces
  9896 | D:9      | Noticed a two-headed ogre
  9902 | D:9      | Killed a two-headed ogre
  9903 | D:9      | Reached XP level 11. HP: 51/101 MP: 10/10
 10235 | D:10     | Entered Level 10 of the Dungeon
 10235 | D:10     | You fall into a shaft and drop 2 floors!
 10325 | D:12     | Noticed an ogre mage
 10330 | D:12     | Noticed a two-headed ogre
 10367 | D:12     | Noticed Maurice
 10409 | D:12     | Killed a two-headed ogre
 10415 | D:12     | Noticed a two-headed ogre
 10415 | D:12     | Noticed a two-headed ogre
 10424 | D:12     | HP: 11/101 [two-headed ogre/+0 giant club (17)]
 10435 | D:12     | HP: 15/101 [troll (10)]
 10435 | D:12     | Slain by a troll

Illustrated notes

Levels and vault maps discovered:
D:1:      dpeg_arrival_central, layout_rooms,
          shapermc_ecumenical_altar_totnotflames
D:2:      layout_basic, uniq_sigmund
D:3:      layout_basic, uniq_natasha
D:4:      layout_basic, grunt_ministairs_6, grunt_decor_clamped
D:5:      layout_loops_cross, serial_shops, shop
D:6:      layout_basic, nicolae_ossuary_entry_monument
D:7:      layout_loops_corners, minmay_temple_entry_stoned_glass,
          uniq_prince_ribbit1
D:8:      layout_gridville, serial_shops, shop, serial_co_window_serial,
          co_window_paths_a, co_window_paths_a, co_window_of_opportunity_a,
          co_window_paths_a, co_window_cross_1, co_window_corner_cb,
          co_window_corner_cb, co_window_broadway_b, co_window_2corner,
          co_window_2corner, co_window_4corner_a, co_window_4corner_b,
          glass_columns_c, glass_columns_a, nicolae_stop_n_shop_2
D:9:      layout_roguey, overflow_temple_1_default, erik_orc_1
D:10:     minmay_four_partial_circles, layout_cave_pools,
          hellmonk_guarded_unrand_salamander, uniq_gastronok
D:12:     layout_basic, uniq_maurice
Temple:   mainiacjoe_temple_trianglar_array

Skill      XL: |  1  2  3  4  5  6  7  8  9 10 11 |
---------------+----------------------------------+-----
Stealth        | 1 2 3 4 5 6 7 8 |  8.0
Fighting       | 3 4 5 6 7 9 10 | 10.7
Ranged Weapons | 5 6 7 9 10 | 10.6
Dodging        | 3 4 5 6 8 9 |  9.8

Action                   |  1- 3 |  4- 6 |  7- 9 | 10-12 || total
-------------------------+-------+-------+-------+-------++-------
Melee: Shortbow          |       |       |     1 |       ||     1
       Long sword        |       |       |    75 |    44 ||   119
       Headbutt          |       |       |    12 |     9 ||    21
 Fire: Shortbow          |    85 |   153 |   288 |   109 ||   635
Invok: Call Merchant     |       |       |       |     1 ||     1
Evoke: Wand              |       |       |     6 |     7 ||    13
  Use: Scroll            |     4 |     7 |    11 |     7 ||    29
       Potion            |       |     3 |     1 |     5 ||     9
 Stab: Confused          |       |       |       |     1 ||     1
       Distracted        |       |       |       |     1 ||     1
Armor: Leather armour    |    19 |    15 |    53 |    22 ||   109
Dodge: Dodged            |    35 |    35 |   238 |   186 ||   494

Table legend: (Time is in decaauts)
 A = Elapsed time spent in this place.
 B = Non-inter-level travel time spent in this place.
 C = Inter-level travel time spent in this place.
 D = Time resting spent in this place.
 E = Time spent auto-exploring this place.
 F = Levels seen in this place.
 G = Mean time per level.
                   A        B        C        D        E       F      G
               +--------+--------+--------+--------+--------+-----+--------+
         Total |  10674 |  10154 |    520 |    270 |   7788 |  13 |  821.1 |
       Dungeon |   9508 |   9022 |    486 |     80 |   7353 |  11 |  864.4 |
        Temple |    466 |    432 |     34 |      0 |    428 |   1 |  466.0 |
       Ossuary |    698 |    698 |      0 |    190 |      7 |   1 |  698.0 |
               +--------+--------+--------+--------+--------+-----+--------+

Top non-repeatable levels by time:
     D:8: 1460 daAuts
     D:9: 1429 daAuts
     D:7: 1220 daAuts
     D:4: 1191 daAuts
     D:5: 950 daAuts
     D:3: 905 daAuts
     D:6: 787 daAuts
 Ossuary: 698 daAuts
     D:2: 694 daAuts
     D:1: 652 daAuts
  Temple: 466 daAuts
    D:12: 215 daAuts

Table legend:
 A = Kills in this place as a percentage of kills in entire the game.
 B = Kills by you in this place as a percentage of kills by you in the entire game.
 C = Kills by friends in this place as a percentage of kills by friends in the entire game.
 D = Other kills in this place as a percentage of other kills in the entire game.
 E = Experience gained in this place as a percentage of experience gained in the entire game.
 F = Experience gained in this place divided by the number of levels of this place that you have seen.
                   A       B       C       D       E      F
               +-------+-------+-------+-------+-------+----------------------
         Total | 100.0 | 100.0 | 100.0 | 100.0 | 100.0 | 981.7
       Dungeon |  86.1 |  85.8 | 100.0 | 100.0 |  96.8 | 1123.5
       Ossuary |  13.9 |  14.2 |   0.0 |   0.0 |   3.2 | 403.0
               +-------+-------+-------+-------+-------+----------------------
